 Dungeon Crawl Stone Soup version 0.31-a0-799-g6bc09d010c (webtiles) character file.

Game seed: 16367297440628511621

103 Shayle the Trooper (level 4, -2/46 HPs)
             Began as an Ogre Hexslinger on Sept 19, 2023.
             Slain by a kobold brigand
             ... wielding a +0 dagger
              (5 damage)
             ... in a sewer.
             The game lasted 00:03:54 (1805 turns).

Shayle the Trooper (Ogre Hexslinger)                Turns: 1805, Time: 00:03:55

Health: -2/46      AC:  3    Str: 12    XL:     4   Next: 79%
Magic:  8/8        EV: 10    Int: 16    God:
Gold:   68         SH:  0    Dex: 11    Spells: 8/8 levels left

rFire   . . .        a - +1 sling
rCold   . . .        (no shield)
rNeg    . . .        c - +0 robe
rPois   .            (helmet restricted)
rElec   .            (no cloak)
rCorr   .            (gloves unavailable)
SInv    .            (boots unavailable)
Will    .....        (no amulet)
Stlth   +            (no ring)
HPRegen 0.27/turn    (no ring)
MPRegen 0.11/turn

%: no passive effects
@: mighty, lethally poisoned (-2 -> -10), hasted and slowed
A: large, unfitting armour, tough skin 1
a: no special abilities


You were in a sewer.
You visited 1 branch of the dungeon, and saw 3 of its levels.
You also visited: Sewer.

You collected 146 gold pieces.
You spent 78 gold pieces at shops.

Inventory:

Hand Weapons
 a - a +1 sling (weapon)
Armour
 c - a +0 robe (worn)
Jewellery
 e - a ring of magical power
 f - a ring of protection from cold
 g - an amulet of magic regeneration
Scrolls
 b - a scroll of poison
 d - a scroll of enchant weapon {unknown}
 i - a scroll of teleportation {unknown}
Potions
 h - a potion of might
 j - a potion of haste


   Skills:
 + Level 3.6 Fighting
 - Level 1.3 Ranged Weapons
 - Level 1.7 Dodging
 + Level 2.8 Spellcasting
 - Level 2.6 Hexes
 + Level 2.3 Fire Magic


You had 8 spell levels left.
You didn't know any spells.
Your spell library contained the following spells:

 Spells                   Type           Power      Damage    Failure   Level
 Jinxbite                 Hex            20%        N/A       10%         2
 Summon Small Mammal      Summ           8%         N/A       19%         1
 Sigil of Binding         Hex            10%        N/A       19%         3
 Inner Flame              Hex/Fire       10%        N/A       21%         3
 Summon Guardian Golem    Hex/Summ       6%         N/A       32%         3
 Call Canine Familiar     Summ           2%         N/A       50%         3
 Cause Fear               Hex            5%         N/A       54%         4
 Dimensional Bullseye     Hex/Tloc       3%         N/A       73%         4


Dungeon Overview and Level Annotations

Branches:
Dungeon (3/15)              Sewer (1/1)

Altars:

Shops:
D:2 !


Innate Abilities, Weirdness & Mutations

You are too large for most types of armour.
You have tough skin. (AC +1)


Message History

You feel very sick.
The kobold brigand throws a curare-tipped dart.
The curare-tipped dart hits you.
You are more poisoned.
You have difficulty breathing.
You feel as though you will be slow longer.
Okay, then.
You aren't carrying any items that you can evoke.
Unknown command.
Okay, then.
It was a potion of might.
You feel very mighty all of a sudden.
You feel very sick.
It was a potion of haste.
You feel yourself speed up.
You feel very sick.
You aren't carrying any items that you can evoke.
Unknown command.
Found a potion of might, a scroll labelled UNGIAR DOXEOSM and a brown potion.
You feel sick.
The kobold brigand throws a curare-tipped dart.
The curare-tipped dart hits you.
You are more poisoned.
You have difficulty breathing.
* * * LOW HITPOINT WARNING * * *
You feel as though you will be slow longer.
There is a large open door, spattered with blood here.
Things that are here:
a +0 short sword; a stone; a kobold corpse
* * * LOW HITPOINT WARNING * * *
You feel very sick. The kobold brigand closely misses you.
Things that are here:
a +0 dagger; 3 stones You shoot a sling bullet.
The sling bullet misses the kobold brigand.
* * * LOW HITPOINT WARNING * * *
You feel very sick. The kobold brigand barely misses you.
The kobold brigand hits you with a +0 dagger.
You die...

######
#!...#
#?.∩.#
#!K..#
#.@..#
##)'##
###..~~#
#...~~~#
##...~.~#
#...P...#
#......~#
#......~#
##....~~~#~≈


You could see a kobold brigand.

Vanquished Creatures
  A hound (D:2)
  2 adders (D:2)
  3 dart slugs
  4 endoplasms
  3 giant cockroaches
  A goblin (D:2)
  7 hobgoblins
  10 kobolds
  3 quokkas
  2 ball pythons
  4 bats
  4 frilled lizards
  3 rats
47 creatures vanquished.

Notes
Turn   | Place    | Note
-------+----------+-------------------------------------------
     0 | D:1      | Shayle the Ogre Hexslinger began the quest for the Orb.
     0 | D:1      | Reached XP level 1. HP: 19/19 MP: 2/2
   124 | D:1      | Reached skill level 1 in Fire Magic
   193 | D:1      | Reached XP level 2. HP: 28/28 MP: 4/4
   231 | D:1      | Reached skill level 2 in Fighting
   618 | D:2      | Reached XP level 3. HP: 23/36 MP: 6/6
   923 | D:2      | Found Nett's Distillery.
   938 | D:2      | Bought a potion of curing for 39 gold pieces
   938 | D:2      | Bought a potion of curing for 39 gold pieces
  1351 | D:3      | Reached skill level 3 in Fighting
  1423 | D:2      | Reached XP level 4. HP: 19/45 MP: 6/8
  1694 | D:3      | Found a glowing drain.
  1704 | Sewer    | Entered a sewer
  1795 | Sewer    | Noticed a kobold brigand
  1805 | Sewer    | Slain by a kobold brigand

Illustrated notes

Levels and vault maps discovered:
D:1:      enne_arrival_octagon_isle, layout_basic
D:2:      layout_loops_ring, serial_shops, shop_coins
D:3:      cheibrodos_helix_gallery, layout_loops_ring,
          cheibrodos_sewer_entry_drain, serial_bayou_lagoon_a,
          small_statue_intersection, hangedman_decor_riveting,
          kennysheep_cross_bottleneck, corexii_leaking_fountain,
          minmay_misc_feat_hallway, minmay_misc_feat_x, skrybe_limestone_x
Sewer:    kennysheep_pipe_town

Skill      XL: |  1  2  3 |
---------------+----------+-----
Fire Magic     | 1 2 |  2.3
Fighting       | 2 3 |  3.6
Spellcasting   | 2 |  2.8
Ranged Weapons | |  1.3
Dodging        | |  1.7
Hexes          | |  2.6

Action                     |  1- 3 |  4- 6 || total
---------------------------+-------+-------++-------
   Fire: Sling             |   136 |    41 ||   177
    Use: Potion            |     3 |     2 ||     5
 Armour: Robe              |    73 |    18 ||    91
  Dodge: Dodged            |    54 |    13 ||    67

Table legend: (Time is in decaauts)
 A = Elapsed time spent in this place.
 B = Non-inter-level travel time spent in this place.
 C = Inter-level travel time spent in this place.
 D = Time resting spent in this place.
 E = Time spent auto-exploring this place.
 F = Levels seen in this place.
 G = Mean time per level.
                   A        B        C        D        E       F      G
               +--------+--------+--------+--------+--------+-----+--------+
         Total |   1866 |   1779 |     87 |    210 |   1048 |   4 |  466.5 |
       Dungeon |   1754 |   1667 |     87 |    210 |   1036 |   3 |  584.7 |
         Sewer |    111 |    111 |      0 |      0 |     12 |   1 |  111.0 |
               +--------+--------+--------+--------+--------+-----+--------+

Top non-repeatable levels by time:
     D:2: 959 daAuts
     D:1: 583 daAuts
     D:3: 212 daAuts
   Sewer: 111 daAuts
